AoeStats
← ashley

Golden Pit

510270595Analyzed
1v1 RM · 21h ago on Sep 30, 2026· 51m 47s· 2 players
Game mode
Random Map
Map size
Tiny (2 player)
Population
200
Speed
Normal
Resources
Standard
Victory
Conquest
Starting age
Dark Age
Ending age
Imperial Age
RankedLock teamsTeams togetherTeam positionsShared explorationLock speedFull tech treeHidden civsTurbo modeCheats
Victory
Defeat
🇦🇺 Mongols · Australia
734
+17
🇲🇽 Mongols · Mexico
766
-17
ashley
7:23 Loom
9:51 Feudal Age
11:31 Double-Bit Axe
13:29 Forging
15:18 Bloodlines
21:30 Castle Age
24:25 Iron Casting
26:01 Bow Saw
27:38 Wheelbarrow
27:52 Scale Barding Armor
29:32 Horse Collar
31:21 Fletching
32:06 Elite Skirmisher
33:20 Bodkin Arrow
33:46 Chain Barding Armor
33:33 Heavy Plow
39:16 Padded Archer Armor
41:01 Leather Archer Armor
42:16 Husbandry
42:12 Gold Mining
45:02 Ballistics
47:52 Imperial Age
46:42 Thumb Ring
48:07 Chain Barding Armor
51:46 Hand Cart
52:58 Gold Shaft Mining
52:13 Stone Mining
xSirAxl
3:04 Loom
10:06 Feudal Age
12:42 Double-Bit Axe
17:37 Fletching
23:45 Wheelbarrow
25:14 Castle Age
24:01 Padded Archer Armor
25:39 Scale Barding Armor
25:45 Forging
25:43 Scale Mail Armor
26:06 Bodkin Arrow
31:40 Husbandry
32:39 Forging
49:22 Wheelbarrow
51:57 Imperial Age
50:31 Light Cavalry
51:24 Bloodlines
51:36 Leather Archer Armor
Connection lost

Rejoining the realm…

Still unreachable

The connection could not be restored.

Session expired

The server has moved on; the page needs a fresh start.